 Dungeon Sprint DCSS version 0.30-a0-469-g84de5afbc5 (webtiles) character file.

Game seed: 17583710705883200440

10200000 NinjaNoafa the Intangible (level 27, -16/217 HPs)
             Began as a Djinni Ice Elementalist on Dec 19, 2022.
             Was the Champion of Makhleb.
             Killed by divine providence
             ... invoked by an accursed
              (17 damage)
             ... in the Dungeon (Sprint VIII: "Arena of Blood").
             The game lasted 00:03:10 (102 turns).

NinjaNoafa the Intangible (Djinni Ice Elementalist)  Turns: 102, Time: 00:03:11

Health: -16/217    AC:  4    Str:  7    XL:     27
Gold:   0          EV: 38    Int: 20    God:    Makhleb [******] SH:  0 Dex: 25

rFire   + + .      SeeInvis .    g - +∞ Axe of Woe
rCold   x . .      Faith    .    (shield currently unavailable)
rNeg    . . .      Spirit   .    a - +0 robe
rPois   ∞          Reflect  .    (no helmet)
rElec   .          Harm     .    (no cloak)
rCorr   .          Rampage  .    (no gloves)
Will    ++...      NoTele   +    (boots unavailable)
Stlth   ++++++++++               (no amulet)
HPRegen 0.56/turn                (no ring)
MPRegen 0.00/turn                (no ring)

@: flying
A: sickness immunity, fire resistance 2, cold vulnerability 1, float, innate
caster, HP casting, extra vitality 1
a: Renounce Religion, Minor Destruction, Lesser Servant of Makhleb, Major
Destruction, Greater Servant of Makhleb


You were in the Dungeon.
You worshipped Makhleb.
Makhleb was exalted by your worship.
You visited 1 branch

Inventory:

Hand Weapons
 g - the +∞ Axe of Woe (weapon)
   (You found it in the Dungeon)
Armour
 a - a +0 robe (worn)
Scrolls
 f - a scroll of blinking
Potions
 b - a potion of curing
 d - a potion of haste
 e - a potion of berserk rage


   Skills:
 O Level 27 Fighting
 O Level 27 Short Blades
 O Level 27 Long Blades
 O Level 27 Axes
 O Level 27 Maces & Flails
 O Level 27 Polearms
 O Level 27 Staves
 O Level 27 Ranged Weapons
 O Level 27 Throwing
 O Level 27 Armour
 O Level 27 Dodging
 O Level 27 Stealth
 O Level 27 Shields
 O Level 27 Unarmed Combat
 O Level 27 Spellcasting
 O Level 27 Invocations
 O Level 27 Evocations


You couldn't memorise any spells.
You knew the following spells:

 Your Spells              Type           Power      Damage    Failure   Level
a - Freeze                Ice            100%       1d10      0%          1
b - Frozen Ramparts       Ice            100%       1d16      0%          3
c - Ozocubu's Armour      Ice            94%        N/A       0%          3
d - Summon Ice Beast      Ice/Summ       94%        N/A       0%          4
e - Kiss of Death         Conj/Necr      100%       2d13      0%          1
f - Passwall              Tmut/Erth      78%        N/A       0%          2
g - Teleport Other        Tloc           94%        N/A       0%          3
h - Confusing Touch       Hex            94%        N/A       0%          3
i - Irradiate             Conj/Tmut      47%        3d27      0%          5
j - Lightning Bolt        Conj/Air       47%        1d67      0%          5
k - Dispersal             Tloc           47%        N/A       0%          6
l - Orb of Destruction    Conj           47%        9d12      0%          7
m - Monstrous Menagerie   Summ           47%        N/A       0%          7
n - Summon Hydra          Summ           47%        N/A       0%          7
o - Lehudib's Crystal Sp  Conj/Erth      47%        10d11     1%          8
p - Borgnjor's Revivific  Necr           47%        N/A       1%          8
q - Shatter               Erth           47%        3d36*     1%          9
Your spell library was empty.

Dungeon Overview and Level Annotations

Branches:
Dungeon (1/1)

Altars:
Makhleb


Innate Abilities, Weirdness & Mutations

You are immune to sickness and miasma.
You are immune to poison.
Your flesh is very heat resistant. (rF++)
You are vulnerable to cold. (rC-)
You float through the air rather than walking.
You learn spells naturally, not from books.
Your magical power is your life essence.
You have superior vitality. (+4 MHP)


Message History

You kill the bag of meat!
Makhleb accepts your kill.
You feel better.
You are engulfed in blazing flames.
You resist.
The tyrant casts a spell.
Send 'em back where they came from!
The tyrant waves its bony arms in wide circles.
The air twists around and strikes you!!!
The accursed gestures at you while chanting.
Something smites you!
* * * LOW HITPOINT WARNING * * *
You hear a shout!
A meat berserker comes into view. It is wielding a +9 battleaxe.
You hear a shout! x2
A meat berserker comes into view. It is wielding a +9 battleaxe.
You hear a shout!
The destroyer casts a spell at you.
The destroyer blinks!
You hear a shout! x4
You hit the meat beast.
You slaughter the meat beast joyfully.
You kill the meat beast!
Makhleb accepts your kill.
You feel better.
You hit the large abomination but do no damage.
You chop the large abomination into pieces.
You destroy the large abomination!
The large abomination disappears in a puff of smoke!
You are engulfed in blazing flames.
You resist.
The tyrant waves its bony arms in wide circles.
The air twists around and strikes you!!!
* * * LOW HITPOINT WARNING * * *
You hear a shout!
The bag of meat hits your cacodemon with a +9 war axe!!
The large abomination is engulfed in blazing flames.
The destroyer casts a spell at you.
The destroyer blinks!
You hear a shout!
A meat berserker comes into view. It is wielding a +9 battleaxe.
The accursed casts a spell at you. Something smites you!
You die...

#... ..# §.O ....
... oVV###§..
.O###.
2WXL....###LO..°.
#)....§.._..X...
...LoX#.X..X#
...Xoo#z†§O_#..
....V.oLX)......
#...o§O@§V........
....M.))##........
.....#..§ ..#.#..
.... #.{.V ..# .
... #M......# ..
ooo...M.. .
...O.......
..........


You could see 3 accurseds, a tentacled monstrosity (summoned), 4 tyrants, 5
destroyers, a sculptor of flesh, a large bag of meat (inner flame), 6 large
abominations, a dread, 5 meat berserkers, 8 bags of meat and a friendly
cacodemon (summoned).

Vanquished Creatures
  Sigmund (D)
  9 hell beasts (D)
  2 royal mummies (D)
  A great orb of eyes (D)
  5 wraiths (D)
  Harold (D)
  11 vampire knights (D)
  44 ogres (D)
  6 two-headed ogres (D)
  3 liches (D)
  A hydra (D)
  3 phantoms (D)
  53 orcs (D)
  A skeletal warrior (D)
141 creatures vanquished.

Vanquished Creatures (others)
  A two-headed ogre (D)
  A hydra (D)
  2 orcs (D)
4 creatures vanquished.

Grand Total: 145 creatures vanquished

Notes
Turn   | Place    | Note
-------+----------+-------------------------------------------
     0 | D        | Found the +∞ Axe of Woe
     0 | D        | NinjaNoafa the Djinni Ice Elementalist began the quest for
                  | the Orb.
     0 | D        | NinjaNoafa set off with the following spells memorised:
                  | Freeze, Frozen Ramparts, Ozocubu's Armour, Summon Ice
                  | Beast.
     0 | D        | Reached XP level 1. HP: 15/15 MP: 0/0
     4 | D        | Became a worshipper of Makhleb the Destroyer
     6 | D        | Noticed a bag of meat
     7 | D        | Noticed a meat berserker
     9 | D        | Noticed a bag of meat
     9 | D        | Noticed a meat berserker
    10 | D        | Killed a bag of meat
    11 | D        | Reached skill level 10 in Spellcasting
    11 | D        | Reached XP level 2. HP: 40/40 MP: 0/0
    11 | D        | Reached XP level 3. HP: 45/45 MP: 0/0
    11 | D        | Learned a level 1 spell: Kiss of Death
    11 | D        | Reached XP level 4. HP: 51/51 MP: 0/0
    11 | D        | Reached XP level 5. HP: 57/57 MP: 0/0
    11 | D        | Learned a level 2 spell: Passwall
    11 | D        | Reached XP level 6. HP: 63/63 MP: 0/0
    11 | D        | Reached XP level 7. HP: 68/68 MP: 0/0
    11 | D        | Learned a level 3 spell: Teleport Other
    11 | D        | Reached XP level 8. HP: 75/75 MP: 0/0
    11 | D        | Reached XP level 9. HP: 80/80 MP: 0/0
    11 | D        | Learned a level 3 spell: Confusing Touch
    11 | D        | Reached XP level 10. HP: 86/86 MP: 0/0
    11 | D        | Reached XP level 11. HP: 92/92 MP: 0/0
    11 | D        | Learned a level 5 spell: Irradiate
    12 | D        | Killed a meat berserker
    12 | D        | Reached * piety under Makhleb
    12 | D        | Noticed a meat berserker
    12 | D        | Noticed a bag of meat
    13 | D        | Reached XP level 12. HP: 19/105 MP: 0/0
    13 | D        | Reached XP level 13. HP: 20/111 MP: 0/0
    13 | D        | Learned a level 5 spell: Lightning Bolt
    13 | D        | Noticed a bag of meat
    13 | D        | Killed a meat berserker
    13 | D        | Killed a bag of meat
    13 | D        | Noticed a bag of meat
    14 | D        | Reached skill level 15 in Spellcasting
    14 | D        | Reached XP level 14. HP: 41/123 MP: 0/0
    15 | D        | Killed a bag of meat
    15 | D        | Reached ** piety under Makhleb
    15 | D        | Killed a meat berserker
    16 | D        | Reached XP level 15. HP: 108/133 MP: 0/0
    16 | D        | Learned a level 6 spell: Dispersal
    16 | D        | Noticed a large bag of meat
    16 | D        | Noticed a meat berserker
    18 | D        | Noticed a meat berserker
    20 | D        | Noticed a large bag of meat
    20 | D        | Noticed a large bag of meat
    21 | D        | Noticed a meat berserker
    21 | D        | Killed a meat berserker
    21 | D        | Reached *** piety under Makhleb
    22 | D        | Reached XP level 16. HP: 138/143 MP: 0/0
    22 | D        | Killed a meat berserker
    24 | D        | Noticed a destroyer
    24 | D        | Noticed a meat berserker
    25 | D        | Noticed a destroyer
    26 | D        | Noticed a large bag of meat
    26 | D        | Killed a large bag of meat
    26 | D        | Killed a meat berserker
    26 | D        | Reached **** piety under Makhleb
    26 | D        | Noticed a meat berserker
    26 | D        | Noticed a meat berserker
    27 | D        | Reached skill level 27 in Dodging
    27 | D        | Reached XP level 17. HP: 148/157 MP: 0/0
    27 | D        | Learned a level 7 spell: Orb of Destruction
    27 | D        | Noticed a meat berserker
    27 | D        | Noticed a destroyer
    27 | D        | Noticed a meat berserker
    28 | D        | Noticed a meat berserker
    28 | D        | Noticed a meat berserker
    28 | D        | Noticed a meat berserker
    28 | D        | Noticed an eight-headed meat hydra
    29 | D        | Killed a large bag of meat
    29 | D        | Killed a meat berserker
    29 | D        | Noticed a meat berserker
    30 | D        | Reached skill level 27 in Fighting
    30 | D        | Reached XP level 18. HP: 145/167 MP: 0/0
    30 | D        | Killed a destroyer
    30 | D        | Reached ***** piety under Makhleb
    30 | D        | Noticed a meat berserker
    30 | D        | Noticed a destroyer
    31 | D        | Killed a meat berserker
    31 | D        | Noticed a meat berserker
    32 | D        | Reached skill level 27 in Axes
    32 | D        | Killed a meat berserker
    32 | D        | Killed a meat berserker
    33 | D        | Reached skill level 27 in Spellcasting
    33 | D        | Reached XP level 19. HP: 146/174 MP: 0/0
    33 | D        | Learned a level 7 spell: Monstrous Menagerie
    34 | D        | Killed a meat berserker
    34 | D        | Killed a meat berserker
    34 | D        | Killed a meat berserker
    34 | D        | Noticed a destroyer
    35 | D        | Killed a meat berserker
    35 | D        | Reached ****** piety under Makhleb
    36 | D        | Noticed The Servant
    37 | D        | Killed a meat berserker
    37 | D        | Killed a meat berserker
    38 | D        | Reached XP level 20. HP: 178/181 MP: 0/0
    38 | D        | Killed a meat berserker
    39 | D        | Reached skill level 27 in Invocations
    39 | D        | Killed a destroyer
    39 | D        | Killed an eight-headed meat hydra
    40 | D        | Noticed a destroyer
    42 | D        | Killed a destroyer
    42 | D        | Noticed a meat berserker
    42 | D        | Noticed a destroyer
    44 | D        | Reached XP level 21. HP: 84/187 MP: 0/0
    44 | D        | Learned a level 7 spell: Summon Hydra
    45 | D        | Reached skill level 27 in Armour
    45 | D        | Killed The Servant
    46 | D        | Noticed an accursed
    47 | D        | Noticed a meat berserker
    47 | D        | Noticed a meat berserker
    48 | D        | Reached XP level 22. HP: 194/194 MP: 0/0
    48 | D        | Killed a destroyer
    48 | D        | Noticed a destroyer
    49 | D        | Reached skill level 27 in Stealth
    49 | D        | Noticed a meat berserker
    50 | D        | Reached skill level 5 in Maces & Flails
    50 | D        | Reached skill level 5 in Polearms
    50 | D        | Reached skill level 5 in Ranged Weapons
    50 | D        | Reached skill level 5 in Throwing
    50 | D        | Noticed a destroyer
    51 | D        | Killed a destroyer
    51 | D        | Killed a destroyer
    51 | D        | Killed a meat berserker
    52 | D        | Reached skill level 10 in Maces & Flails
    52 | D        | Reached skill level 10 in Polearms
    52 | D        | Reached skill level 10 in Ranged Weapons
    52 | D        | Reached skill level 10 in Throwing
    52 | D        | Reached XP level 23. HP: 201/201 MP: 0/0
    52 | D        | Learned a level 8 spell: Lehudib's Crystal Spear
    52 | D        | Killed a destroyer
    54 | D        | Killed a destroyer
    54 | D        | Killed a destroyer
    55 | D        | Reached skill level 15 in Shields
    55 | D        | Reached skill level 15 in Unarmed Combat
    55 | D        | Reached skill level 15 in Evocations
    55 | D        | Reached XP level 24. HP: 195/208 MP: 0/0
    56 | D        | Killed an accursed
    57 | D        | Reached skill level 15 in Maces & Flails
    57 | D        | Reached skill level 15 in Polearms
    57 | D        | Reached skill level 15 in Ranged Weapons
    57 | D        | Reached skill level 15 in Throwing
    58 | D        | Reached XP level 25. HP: 214/214 MP: 0/0
    58 | D        | Learned a level 8 spell: Borgnjor's Revivification
    58 | D        | Noticed a tyrant
    60 | D        | Noticed a dread
    63 | D        | Killed a large bag of meat
    63 | D        | Noticed a destroyer
    63 | D        | Noticed a tyrant
    64 | D        | Noticed a dread
    64 | D        | Killed a dread
    65 | D        | Reached XP level 26. HP: 67/211 MP: 0/0
    65 | D        | Killed a dread
    65 | D        | Killed a destroyer
    65 | D        | Noticed a large bag of meat
    65 | D        | Noticed a dread
    65 | D        | Noticed a destroyer
    66 | D        | Killed a tyrant
    66 | D        | Noticed a meat beast
    67 | D        | Killed a destroyer
    68 | D        | Reached XP level 27. HP: 186/217 MP: 0/0
    68 | D        | Learned a level 9 spell: Shatter
    68 | D        | Noticed a meat beast
    69 | D        | Killed a meat beast
    69 | D        | Killed a meat beast
    69 | D        | Killed a large bag of meat
    70 | D        | Reached skill level 27 in Shields
    70 | D        | Reached skill level 27 in Unarmed Combat
    70 | D        | Reached skill level 27 in Evocations
    71 | D        | Killed a tyrant
    71 | D        | Killed a large bag of meat
    71 | D        | Noticed a dread
    72 | D        | Reached skill level 27 in Short Blades
    72 | D        | Reached skill level 27 in Long Blades
    72 | D        | Reached skill level 27 in Staves
    72 | D        | Killed a dread
    73 | D        | Reached skill level 27 in Maces & Flails
    73 | D        | Reached skill level 27 in Polearms
    73 | D        | Reached skill level 27 in Ranged Weapons
    73 | D        | Reached skill level 27 in Throwing
    74 | D        | Noticed a meat beast
    76 | D        | Noticed a meat beast
    77 | D        | Killed a meat beast
    77 | D        | Noticed a meat beast
    77 | D        | Noticed The Captor
    77 | D        | Noticed a meat beast
    78 | D        | Killed a dread
    79 | D        | Noticed a large bag of meat
    81 | D        | Killed a meat beast
    81 | D        | Killed a meat beast
    86 | D        | Killed a meat beast
    87 | D        | Noticed a destroyer
    87 | D        | Noticed a meat beast
    88 | D        | Killed a large bag of meat
    88 | D        | Noticed a dread
    88 | D        | Noticed a dread
    88 | D        | Noticed a destroyer
    89 | D        | Noticed a tyrant
    89 | D        | Noticed a meat beast
    90 | D        | Noticed an accursed
    93 | D        | Killed The Captor
    93 | D        | Killed a meat beast
    93 | D        | Killed an accursed
    93 | D        | Noticed a tyrant
    94 | D        | Killed a meat beast
    94 | D        | Noticed a destroyer
    95 | D        | Noticed an accursed
    95 | D        | Noticed a large bag of meat
    96 | D        | Noticed a tyrant
    97 | D        | Noticed an accursed
    98 | D        | Noticed a tyrant
    98 | D        | Killed a tyrant
    98 | D        | Noticed a meat beast
    98 | D        | Noticed a destroyer
    98 | D        | Noticed a tyrant
    99 | D        | Noticed an accursed
    99 | D        | Noticed a destroyer
   100 | D        | Killed a dread
   100 | D        | Killed a large bag of meat
   102 | D        | Killed a meat beast
   102 | D        | HP: 1/217 [tyrant/the air (68)]
   102 | D        | Killed from afar by an accursed

Illustrated notes

Levels and vault maps discovered:
D:        meatsprint

Skill      XL: |  1  2  3  4  5  6  7  8  9 10 11 12 13 14 15 16 17 18 19 20 21 22 23 24 25 26 27 |
---------------+----------------------------------------------------------------------------------+-----
Fighting       | 13 16 19 21 22 25 27 | 27.0
Axes           | 11 14 16 18 19 22 24 27 | 27.0
Dodging        | 14 18 20 22 24 27 | 27.0
Spellcasting   | 10 13 15 17 18 20 22 27 | 27.0
Invocations    | 7 25 27 | 27.0
Armour         | 26 27 | 27.0
Stealth        | 26 27 | 27.0
Short Blades   | 11 14 17 20 23 27 | 27.0
Long Blades    | 11 14 17 20 23 27 | 27.0
Maces & Flails | 10 13 16 18 21 27 | 27.0
Polearms       | 10 13 16 18 21 27 | 27.0
Staves         | 11 14 17 20 23 27 | 27.0
Ranged Weapons | 10 13 16 18 21 27 | 27.0
Throwing       | 10 13 16 18 21 27 | 27.0
Shields        | 12 15 19 21 25 27 | 27.0
Unarmed Combat | 12 15 19 21 25 27 | 27.0
Evocations     | 12 15 19 21 25 27 | 27.0

Action                   |  1- 3 |  4- 6 |  7- 9 | 10-12 | 13-15 | 16-18 | 19-21 | 22-24 | 25-27 || total
-------------------------+-------+-------+-------+-------+-------+-------+-------+-------+-------++-------
Melee: Executioner's axe |     1 |       |       |     1 |     4 |     6 |    12 |     9 |    36 ||    69
 Cast: Ozocubu's Armour  |       |       |       |     1 |       |       |       |       |       ||     1
       Lightning Bolt    |       |       |       |       |     1 |     1 |       |       |       ||     2
       Dispersal         |       |       |       |       |     1 |     2 |     2 |       |     2 ||     7
       Orb of Destructio |       |       |       |       |       |     1 |       |       |       ||     1
       Monstrous Menager |       |       |       |       |       |       |     1 |       |       ||     1
       Lehudib's Crystal |       |       |       |       |       |       |       |     1 |       ||     1
       Borgnjor's Revivi |       |       |       |       |       |       |       |       |     1 ||     1
       Summon Hydra      |       |       |       |       |       |       |       |       |     1 ||     1
       Shatter           |       |       |       |       |       |       |       |       |     1 ||     1
Invok: Greater Servant o |       |       |       |       |       |       |       |       |     2 ||     2
       Lesser Servant of |       |       |       |       |       |       |       |       |     1 ||     1
  Use: Potion            |       |       |       |       |       |       |       |       |     1 ||     1
Dodge: Dodged            |       |       |       |     1 |       |     1 |     2 |       |     6 ||    10

Table legend: (Time is in decaauts)
 A = Elapsed time spent in this place.
 B = Non-inter-level travel time spent in this place.
 C = Inter-level travel time spent in this place.
 D = Time resting spent in this place.
 E = Time spent auto-exploring this place.
 F = Levels seen in this place.
 G = Mean time per level.
                   A        B        C        D        E       F      G
               +--------+--------+--------+--------+--------+-----+--------+
         Total |     91 |     91 |      0 |      0 |      0 |   1 |   91.0 |
       Dungeon |     91 |     91 |      0 |      0 |      0 |   1 |   91.0 |
               +--------+--------+--------+--------+--------+-----+--------+

Top non-repeatable levels by time:
       D: 91 daAuts
